AoeStats
← EL PITUFO ENRIQUE

Arabia

508769353Analyzed
1v1 RM · 8d ago on Sep 24, 2026· 32m 44s· 2 players
Game mode
Random Map
Map size
Tiny (2 player)
Population
200
Speed
Normal
Resources
Standard
Victory
Conquest
Starting age
Dark Age
Ending age
Imperial Age
RankedLock teamsTeams togetherTeam positionsShared explorationLock speedFull tech treeHidden civsTurbo modeCheats
Victory
Defeat
🇧🇷 Portuguese · Brazil
1126
+15
🇦🇷 Saracens · Argentina
1098
-15
EL PITUFO ENRIQUE
10:33 Feudal Age
8:50 Loom
12:23 Town Watch
17:34 Castle Age
23:16 Scale Barding Armor
C a b a l l e r o
0:26 Loom
9:43 Feudal Age
22:43 Castle Age
21:26 Fletching
22:56 Crossbowman
26:11 Bodkin Arrow
30:52 Town Watch
Connection lost

Rejoining the realm…

Still unreachable

The connection could not be restored.

Session expired

The server has moved on; the page needs a fresh start.